 Dungeon Crawl Stone Soup version 0.31-a0-876-gfe8ebadbca (webtiles) character file.

Game seed: 2964920182640338894

1161 LeprechaunX the Changeling (level 8, -6/54 HPs)
             Began as an Octopode Shapeshifter on Oct 14, 2023.
             Was a Priest of Ru.
             Mangled by a steam dragon (8 damage)
             ... on level 6 of the Dungeon.
             The game lasted 00:05:38 (5282 turns).

LeprechaunX the Changeling (Octopode Shapeshifter)  Turns: 5282, Time: 00:05:39

Health: -6/54      AC:  1    Str: 15    XL:     8   Next: 39%
Magic:  0/8        EV: 14    Int: 13    God:    Ru [***...]
Gold:   266        SH:  0    Dex: 11    Spells: 7/7 levels left

rFire   . .          .
                       - Unarmed
rCold   + . .        (helmet currently unavailable)
rNeg    . . .        j - amulet of guardian spirit
rPois   +            d - ring of protection from cold
rElec   .            h - ring of poison resistance
rCorr   .            (no ring)
SInv    .            (no ring)
Will    .....        (no ring)
Stlth   ++           (no ring)
HPRegen 0.29/turn    (no ring)
MPRegen 0.11/turn

%: guardian spirit
@: beast-form
A: beast (slay +3), almost no armour, amphibious, 7 rings, camouflage 1,
gelatinous body 1, missing a hand, (nimble swimmer 1), tentacles
a: Begin Untransformation, Renounce Religion, Draw Out Power


You were on level 6 of the Dungeon.
You worshipped Ru.
Ru was most pleased with you.
You were a hulking beast.
You visited 2 branches of the dungeon, and saw 7 of its levels.

You collected 266 gold pieces.

Inventory:

Missiles
 k - 2 javelins
 z - 4 boomerangs (quivered)
Jewellery
 d - a ring of protection from cold (left tentacle)
 h - a ring of poison resistance (right tentacle)
 j - an amulet of guardian spirit (around mantle)
 t - an amulet of magic regeneration
Talismans
 b - a beast talisman (active)
 c - a flux talisman
Wands
 a - a wand of mindburst (10)
 v - a wand of iceblast (8)
Scrolls
 e - 7 scrolls of identify {unknown}
 l - a scroll of enchant armour {unknown}
 n - 4 scrolls of fear {unknown}
 o - 2 scrolls of teleportation {unknown}
 p - a scroll of acquirement {unknown}
 q - 2 scrolls of noise {unknown}
 r - a scroll of immolation {unknown}
 s - a scroll of vulnerability {unknown}
 u - a scroll of brand weapon {unknown}
 w - a scroll of torment {unknown}
 y - a scroll of enchant weapon {unknown}
Potions
 f - 4 potions of curing {unknown}
 g - 3 potions of heal wounds {unknown}
 i - a potion of degeneration {unknown}
 m - a potion of haste {unknown}
 x - a potion of lignification


   Skills:
 + Level 4.1 Fighting
 + Level 4.5 Dodging
 + Level 5.1 Unarmed Combat
 + Level 2.2 Evocations
 * Level 6.2 Shapeshifting


You had 7 spell levels left.
You didn't know any spells.
Your spell library contained the following spells:

 Spells                   Type           Power      Damage    Failure   Level
 Call Canine Familiar     Summ           0%         N/A       67%         3
 Sigil of Binding         Hex            0%         N/A       67%         3
 Summon Guardian Golem    Hex/Summ       0%         N/A       67%         3
 Dimensional Bullseye     Hex/Tloc       0%         N/A       97%         4
 Leda's Liquefaction      Hex/Erth       0%         N/A       97%         4
 Simulacrum               Ice/Necr       0%         N/A       100%        6
 Orb of Destruction       Conj           0%         9d5       100%        7
 Ozocubu's Refrigeration  Ice            0%         4d7       100%        7
 Spellforged Servitor     Conj/Summ      0%         N/A       100%        7
 Chain Lightning          Conj/Air       0%         N/A       100%        9
 Fire Storm               Conj/Fire      0%         5d1       100%        9
 Polar Vortex             Ice            0%         N/A       100%        9
 Shatter                  Erth           0%         3d5*      100%        9


Dungeon Overview and Level Annotations

Branches:
Dungeon (6/15)             Temple (1/1) D:4

Altars:
Cheibriados
Dithmenos
Fedhas
Kikubaaqudgha
Makhleb
Nemelex Xobeh
Okawaru
Qazlal
Ru
Trog
Uskayaw
Vehumet
Xom
Zin
The Shining One

Annotations:
D:1 1 transporter


Innate Abilities, Weirdness & Mutations

You are a hulking beast.
Your limbs bulge with bestial killing power. (Slay +3)
You cannot wear most types of armour.
You are amphibious.
You can wear up to seven rings at the same time.
Your skin changes colour to match your surroundings (Stealth+).
Your rubbery body absorbs attacks. (AC +1, EV +1)
You are missing a hand.
((You are camouflaged when in or above water. (Stealth+)))
You have tentacles for arms and can constrict up to seven enemies at once.


Message History

You climb downwards.
Found a ring mail, 6 stones, 2 metallic purple potions and a broad axe.
There is a stone staircase leading up here.
A steam dragon and a hound come into view.
Found a notched coral ring.
There are monsters nearby!
There are monsters nearby!
There are monsters nearby!
The steam dragon hisses angrily.
The hound barks!
You hear a shout!
No target in view!
No target in view!
A wight comes into view. It is wielding a +0 dire flail.
Found 12 gold pieces.
The steam dragon closely misses you. The steam dragon claws you.
You see here 6 stones.
You miss the hound. Your grab misses the hound. Your squeeze misses the hound.
The hound barely misses you.
You tentacle-slap the steam dragon.
Your tentacle-slap misses the steam dragon.
Your squeeze misses the steam dragon.
The steam dragon is lightly wounded.
The hound bites you.
A centaur comes into view.
The steam dragon barely misses you. The steam dragon closely misses you.
The hound bites you.
You focus your inner power and illuminate the hound in retribution!
You barely miss the steam dragon. You squeeze the steam dragon!
The steam dragon is heavily wounded.
The steam dragon breathes steam at you. The ball of steam hits you!!
The hound bites you.
Something shouts, "Get thee gone, thou gleeking tip-merry cross-patch!"
Unknown command.
You tentacle-slap the steam dragon.
The steam dragon is heavily wounded.
You are engulfed in a cloud of scalding steam.
* * * LOW HITPOINT WARNING * * *
The hound bites you.
* * * LOW HITPOINT WARNING * * *
The steam dragon bites you!
You die...

...P...PP .
..P..8..P ..#
..PP...PP $.#.#
#z.P.PP..
###.#.#c..P.P..
....#......
#..hD.#
..##..h####
#..§.§..<.#
##§§.!...[#
#§§§.....#
#.§§.....#
#........#
#........#
#........#
#......).#


You could see a steam dragon (catching breath), a centaur, a hound (corona) and
a wight.

Vanquished Creatures
  Prince Ribbit (D:5)
  2 black bears
  3 scorpions
  A hound (D:5)
  A jelly (D:4)
  3 orc priests
  5 iguanas
  Ijyb (D:5)
  5 orc wizards
  5 adders
  2 shadow imps (D:5)
  2 worms
  A dart slug (D:2)
  18 orcs
  16 ball pythons
  4 bats
  6 endoplasms
  A giant cockroach (D:1)
  6 goblins
  11 hobgoblins
  8 jackals
  7 kobolds
  3 quokkas
  3 frilled lizards
  4 rats
119 creatures vanquished.

Notes
Turn   | Place    | Note
-------+----------+-------------------------------------------
     0 | D:1      | LeprechaunX the Octopode Shapeshifter began the quest for
                  | the Orb.
     0 | D:1      | Reached XP level 1. HP: 13/13 MP: 1/1
   302 | D:1      | Found a faded altar of an unknown god.
   305 | D:1      | Reached XP level 2. HP: 15/18 MP: 2/2
   601 | D:1      | Reached XP level 3. HP: 23/23 MP: 3/3
  1084 | D:2      | Reached XP level 4. HP: 11/29 MP: 4/4
  1778 | D:2      | Reached skill level 4 in Shapeshifting
  2071 | D:3      | Reached XP level 5. HP: 31/34 MP: 5/5
  2167 | D:3      | Found a hide-covered altar of Uskayaw.
  2477 | D:3      | Found a shadowy altar of Dithmenos.
  2843 | D:4      | Found a staircase to the Ecumenical Temple.
  2850 | Temple   | Entered the Ecumenical Temple
  2867 | Temple   | Became a worshipper of Ru the Awakened
  2983 | D:4      | Reached XP level 6. HP: 18/41 MP: 6/6
  3469 | D:4      | Reached skill level 5 in Shapeshifting
  3469 | D:4      | Reached XP level 7. HP: 42/46 MP: 7/7
  4161 | D:4      | Gained mutation: You are missing a hand. [Ru sacrifice]
  4161 | D:4      | Reached * piety under Ru
  4161 | D:4      | Reached ** piety under Ru
  4161 | D:4      | Reached *** piety under Ru
  4197 | D:5      | Entered Level 5 of the Dungeon
  4301 | D:5      | Noticed Ijyb
  4313 | D:5      | Killed Ijyb
  4314 | D:5      | Reached skill level 1 in Evocations
  4439 | D:5      | Identified the +0 pair of gloves of the Evil One {*Corrode
                  | rElec rF++ Will+}
  4535 | D:5      | Reached XP level 8. HP: 54/54 MP: 8/8
  4828 | D:5      | Noticed Prince Ribbit
  4837 | D:5      | Killed Prince Ribbit
  4838 | D:5      | Reached skill level 5 in Unarmed Combat
  4838 | D:5      | Reached skill level 6 in Shapeshifting
  5125 | D:5      | Found a burning altar of Makhleb.
  5282 | D:6      | HP: 2/54 [hound (4)]
  5282 | D:6      | Mangled by a steam dragon

Illustrated notes

Levels and vault maps discovered:
D:1:      spicycebolla_arrival_risky_transporter, layout_loops_corners,
          nicolae_ecumenical_snake_handling
D:2:      layout_loops_ring, serial_co_window_serial, co_window_cross_1,
          co_window_paths_a, co_window_corner_a, co_window_paths_a,
          co_window_corner_a, co_window_paths_b, co_window_corner_a,
          co_window_corner_a, co_window_paths_a, co_window_2corner,
          co_window_unsneaky_path_c, co_window_cross_3, co_window_broadway_a,
          glass_columns_a, glass_columns_a, glass_columns_a, glass_columns_a
D:3:      layout_loops_ring, mainiacjoe_overflow_six_doors_small,
          general_overflow_altar, serial_glass, glass_columns_b,
          glass_columns_b, minmay_strange_pillars
D:4:      minmay_spotlight, layout_loops_corners, minmay_temple_entry_metal_lava
D:5:      layout_basic, lightli_temple_of_fire, uniq_prince_ribbit1, uniq_ijyb
D:6:      layout_rooms, kennysheep_little_box, jmf_multi_god_temple,
          amcnicky_altar_gilded, serial_shops, shop,
          dreamdust_mushroom_princess, chequers_serial_rivers_small_b,
          uniq_duvessa, uniq_grinder
Temple:   nicolae_temple_hex_pool

Skill      XL: |  1  2  3  4  5  6  7  8 |
---------------+-------------------------+-----
Fighting       | 2 3 4 |  4.1
Shapeshifting  | 4 5 6 |  6.2
Dodging        | 3 4 |  4.5
Unarmed Combat | 4 5 |  5.1
Evocations     | 1 2 |  2.2

Action                     |  1- 3 |  4- 6 |  7- 9 || total
---------------------------+-------+-------+-------++-------
  Melee: Unarmed           |    60 |   105 |    92 ||   257
         Constrict         |    19 |    26 |    26 ||    71
         Tentacles         |     9 |    28 |    23 ||    60
         Punch             |     3 |     1 |    10 ||    14
  Throw: Boomerang         |       |       |     4 ||     4
 Invoke: Sacrifice a Hand  |       |       |     1 ||     1
    Use: Potion            |       |     1 |       ||     1
   Stab: Sleeping          |     4 |     9 |     7 ||    20
 Armour: Skin              |    18 |    46 |    43 ||   107
  Dodge: Dodged            |    30 |    37 |    59 ||   126

Table legend: (Time is in decaauts)
 A = Elapsed time spent in this place.
 B = Non-inter-level travel time spent in this place.
 C = Inter-level travel time spent in this place.
 D = Time resting spent in this place.
 E = Time spent auto-exploring this place.
 F = Levels seen in this place.
 G = Mean time per level.
                   A        B        C        D        E       F      G
               +--------+--------+--------+--------+--------+-----+--------+
         Total |   5261 |   5040 |    221 |    129 |   4222 |   7 |  751.6 |
       Dungeon |   5226 |   5037 |    189 |    129 |   4222 |   6 |  871.0 |
        Temple |     34 |      2 |     32 |      0 |      0 |   1 |   34.0 |
               +--------+--------+--------+--------+--------+-----+--------+

Top non-repeatable levels by time:
     D:4: 1347 daAuts
     D:5: 1074 daAuts
     D:2: 1033 daAuts
     D:1: 1026 daAuts
     D:3: 738 daAuts
  Temple: 34 daAuts
     D:6: 6 daAuts
